AoeStats
← by_fc

Arabia

509124928Analyzed
3v3 RM · 7d ago on Sep 25, 2026· 42m 29s· 6 players
Game mode
Random Map
Map size
Normal (6 player)
Population
200
Speed
Normal
Resources
Standard
Victory
Conquest
Starting age
Dark Age
Ending age
Imperial Age
RankedLock teamsTeams togetherTeam positionsShared explorationLock speedFull tech treeHidden civsTurbo modeCheats
Victory
Defeat
🇦🇷 Celts · Argentina
658
+10
🇹🇷 Gurjaras · Türkiye
594
+12
🇶🇦 Spanish · Qatar
585
+13
🇦🇷 Chinese · Argentina
543
-12
🇹🇼 Franks · Taiwan
519
-12
🇻🇳 Vietnamese · Vietnam
492
-11
ElRompePañal
0:51 Loom
18:04 Feudal Age
19:35 Wheelbarrow
18:58 Double-Bit Axe
18:55 Horse Collar
19:25 Gold Mining
24:19 Castle Age
23:11 Padded Archer Armor
25:48 Hand Cart
27:28 Stone Mining
35:01 Leather Archer Armor
34:37 Fletching
35:05 Bow Saw
37:35 Gold Shaft Mining
41:00 Bodkin Arrow
Dai Viet
jp1363
by_fc
0:38 Loom
11:46 Feudal Age
12:37 Double-Bit Axe
12:35 Horse Collar
20:55 Castle Age
19:05 Gold Mining
23:54 Bow Saw
24:53 Heavy Plow
29:14 Stone Mining
30:06 Gold Shaft Mining
31:42 Kshatriyas
34:12 Imperial Age
32:22 Wheelbarrow
31:57 Husbandry
32:08 Bloodlines
33:40 Treadmill Crane
33:56 Murder Holes
34:22 Ballistics
34:48 Hand Cart
34:50 Elite Shrivamsha Rider
36:58 Stone Shaft Mining
36:58 Crop Rotation
37:40 Caravan
39:19 Chemistry
38:46 Conscription
40:20 Scale Barding Armor
40:16 Padded Archer Armor
40:07 Fletching
jackattak
0:59 Loom
16:10 Feudal Age
17:37 Wheelbarrow
22:11 Arson
21:48 Man-at-Arms
26:10 Horse Collar
29:58 Castle Age
30:35 Gambesons
31:19 Long Swordsman
31:21 Pikeman
32:05 Padded Archer Armor
32:05 Scale Mail Armor
32:22 Forging
35:41 Hand Cart
35:59 Gold Mining
35:59 Stone Mining
36:18 Heavy Plow
36:47 Chain Mail Armor
40:23 Iron Casting
42:55 Padded Archer Armor
43:01 Scale Barding Armor
42:47 Fletching
45:30 Imperial Age
KindBeetle9568
15:33 Feudal Age
16:50 Wheelbarrow
16:04 Double-Bit Axe
16:02 Horse Collar
18:45 Gold Mining
19:18 Scale Barding Armor
22:19 Castle Age
22:59 Bloodlines
25:02 Husbandry
25:26 Caravan
26:00 Hand Cart
26:18 Bow Saw
26:22 Heavy Plow
36:47 Imperial Age
38:36 Chemistry
39:00 Two-Man Saw
37:40 Cavalier
41:34 Paladin
Connection lost

Rejoining the realm…

Still unreachable

The connection could not be restored.

Session expired

The server has moved on; the page needs a fresh start.